[Event "Kragero Resort Chess A 2018"]
[Site "Kragero"]
[Date "2018.02.25"]
[Round "8"]
[White "Skjolingstad, Sverre"]
[Black "Royset, Pal"]
[Result "0-1"]
[ECO "B47"]
[WhiteElo "1749"]
[BlackElo "2285"]
[Annotator "NA"]
[PlyCount "92"]
[EventDate "2018.??.??"]
[EventType "swiss"]
[EventCountry "NOR"]
[SourceTitle "playchess.com"]
[Source "ChessBase"]
[SourceQuality "1"]
[TimeControl "5400+30"]

1. e4 c5 2. Nf3 e6 3. d4 cxd4 4. Nxd4 Nc6 5. Nc3 Qc7 6. Be2 a6 7. O-O b5 {[%emt 0:00:37] LiveBook: 319 Games} 8. Re1 Nf6 9. Bf3 {[%emt 0:05:24] B43: Sicilian: Kan Variation: 5 Nc3} (9. Nxc6 dxc6 10. e5 Nd5 11. Nxd5 cxd5 12. Bd3 g6 13. Bg5 Bg7 14. a4 O-O 15. Bf6 b4 16. Qg4 a5 {1-0 (47) Diamant,A (2412)-Burstein,R (2331) Beijing 2008}) 9... Ne5 10. Nd5 $146 ({Predecessor:} 10. Bf4 d6 11. Bg3 Bb7 12. h3 Be7 13. Kh1 O-O 14. Rc1 Rac8 15. a3 Nc4 16. Rb1 Nxa3 17. bxa3 Qxc3 {0-1 (33) Botello,G (1980)-Sanchez Liecano,S (2282) Pamplona 2012}) 10... exd5 11. exd5 Bd6 12. Bf4 O-O {[%emt 0:02:03] [#]} 13. Rxe5 $1 Bxe5 14. d6 Qxd6 15. Bxe5 Qxe5 16. Bxa8 d5 17. Bc6 Ng4 18. g3 Qf6 19. f4 Ne3 20. Qd3 Nf5 21. Nxf5 Bxf5 22. Qxd5 Qxb2 23. Re1 Qxc2 24. Re8 $2 (24. Qd6 $17 Be6 25. Bd5 Bxd5 26. Qxd5) 24... Rxe8 25. Bxe8 Qb1+ $2 ({Black should try} 25... Be6 $19 26. Qd8 Qb1+ 27. Kg2 Qxa2+ 28. Kg1 Qb1+ 29. Kg2 Qb2+ 30. Kg1 Qf6 31. Qxf6 gxf6) 26. Kf2 Qc2+ 27. Kg1 Qb1+ 28. Kf2 Qb2+ 29. Kf3 Bg4+ 30. Kxg4 Qe2+ 31. Kf5 Qxe8 32. Qe5 Qc8+ 33. Ke4 h6 34. Qd5 b4 35. Kf3 Qb8 36. Kg4 (36. h4 $17) 36... Qb6 37. f5 a5 38. Qa8+ Kh7 39. Qd5 Qc7 40. Qb5 Qd8 41. h4 Qd1+ 42. Kh3 Qh1+ 43. Kg4 Qe4+ 44. Kh3 h5 45. Qf1 a4 $19 46. Kh2 b3 0-1

[Event "Kragero Resort Chess A 2018"]
[Site "Kragero"]
[Date "2018.02.25"]
[Round "9"]
[White "Genocchio, Daniele"]
[Black "Hobber, Anders"]
[Result "1-0"]
[ECO "C02"]
[WhiteElo "2385"]
[BlackElo "2286"]
[Annotator "ChessBase"]
[PlyCount "95"]
[EventDate "2018.??.??"]
[EventType "swiss"]
[EventCountry "NOR"]
[SourceTitle "playchess.com"]
[Source "ChessBase"]
[SourceQuality "1"]
[TimeControl "5400+30"]

1. e4 e6 2. d4 d5 3. e5 c5 4. c3 Nc6 5. Be3 Qb6 6. Qd2 Nh6 7. Nf3 cxd4 8. cxd4 Nf5 9. Nc3 f6 10. exf6 gxf6 11. Bd3 Nxe3 12. fxe3 Bg7 13. O-O O-O 14. Qf2 Qd8 15. e4 Nb4 16. Bb1 dxe4 17. Bxe4 f5 18. Bb1 Nc6 19. Rd1 Qb6 20. a3 Rd8 21. Ba2 Rxd4 22. Nxd4 Bxd4 23. Rxd4 Qxd4 24. Qxd4 Nxd4 25. Rd1 Nc6 26. b4 a6 27. Na4 Kf7 28. Nb6 Rb8 29. Rd3 Ke7 30. Rh3 Nd4 31. Rxh7+ Kd6 32. h4 Kc6 33. Nc4 b5 34. Ne5+ Kd6 35. Nf7+ Ke7 36. Ng5+ Kf6 37. Rh8 Ra8 38. Rf8+ Ke5 39. h5 Bb7 40. Rxa8 Bxa8 41. h6 Kf6 42. Nxe6 Nxe6 43. Bxe6 f4 44. h7 Kg7 45. Bf5 Bb7 46. Kh2 Kh8 47. Kh3 Kg7 48. Kg4 1-0

[Event "Kragero Resort Chess A 2018"]
[Site "Kragero"]
[Date "2018.02.25"]
[Round "9"]
[White "Haug, Johannes"]
[Black "Fossan, Aleksander"]
[Result "1-0"]
[ECO "B27"]
[WhiteElo "2355"]
[BlackElo "2004"]
[Annotator "NA"]
[PlyCount "59"]
[EventDate "2018.??.??"]
[EventType "swiss"]
[EventCountry "NOR"]
[SourceTitle "playchess.com"]
[Source "ChessBase"]
[SourceQuality "1"]
[TimeControl "5400+30"]

1. e4 c5 2. Nf3 g6 3. c3 Bg7 4. d4 cxd4 5. cxd4 d5 6. e5 Bg4 7. Bb5+ Nd7 8. O-O e6 9. Nbd2 a6 10. Be2 Ne7 11. h3 Bxf3 12. Nxf3 O-O 13. b3 f6 14. exf6 Nxf6 15. Bb2 Nc6 16. Re1 Ne4 17. Rc1 Bh6 18. Rb1 Nb4 19. Bd3 Nxd3 20. Qxd3 Rc8 21. Re2 Bf4 22. g3 Bh6 23. Kg2 Qf6 24. Rf1 Bg7 25. Ne5 Qf5 26. f4 Bxe5 27. dxe5 Rc6 28. g4 Qf7 29. Kh2 Rd8 30. Rxe4 1-0

[Event "Kragero Resort Chess A 2018"]
[Site "Kragero"]
[Date "2018.02.25"]
[Round "9"]
[White "Risting, Eivind Olav"]
[Black "Fossan, Andreas"]
[Result "1-0"]
[ECO "A05"]
[WhiteElo "2308"]
[BlackElo "1997"]
[Annotator "ChessBase"]
[PlyCount "71"]
[EventDate "2018.??.??"]
[EventType "swiss"]
[EventCountry "NOR"]
[SourceTitle "playchess.com"]
[Source "ChessBase"]
[SourceQuality "1"]
[TimeControl "5400+30"]

1. Nf3 Nf6 2. g3 d5 3. Bg2 e6 4. c4 Be7 5. d4 O-O 6. Qc2 c6 7. O-O a5 8. Nbd2 b5 9. cxb5 cxb5 10. e4 Bb7 11. e5 Nfd7 12. Re1 Nc6 13. Nf1 Rc8 14. Qd1 b4 15. h4 Ba6 16. h5 b3 17. a3 a4 18. g4 h6 19. Ne3 Na5 20. Bd2 Nc4 21. Nxc4 Bxc4 22. Bf4 Ba6 23. Rc1 Nb6 24. Rxc8 Qxc8 25. g5 hxg5 26. Nxg5 Bxg5 27. Bxg5 Qc2 28. Qg4 Qh7 29. Re3 Bd3 30. Bf6 Bf5 31. Qg5 Kh8 32. Rg3 Bg6 33. hxg6 Qxg6 34. Rh3+ Kg8 35. Qh4 gxf6 36. Qh8# 1-0

[Event "Kragero Resort Chess A 2018"]
[Site "Kragero"]
[Date "2018.02.25"]
[Round "9"]
[White "Royset, Pal"]
[Black "Pantzar, Milton"]
[Result "1-0"]
[ECO "C77"]
[WhiteElo "2285"]
[BlackElo "2260"]
[Annotator "NA"]
[PlyCount "75"]
[EventDate "2018.??.??"]
[EventType "swiss"]
[EventCountry "NOR"]
[SourceTitle "playchess.com"]
[Source "ChessBase"]
[SourceQuality "1"]
[TimeControl "5400+30"]

1. e4 e5 2. Nf3 Nc6 3. Bb5 a6 4. Ba4 Nf6 5. d3 d6 6. Bxc6+ bxc6 7. O-O Be7 8. c4 O-O 9. Nc3 Re8 10. h3 Bf8 11. Re1 Nd7 12. d4 exd4 13. Nxd4 Ne5 14. b3 Bd7 15. f4 Ng6 16. f5 Ne5 17. Bf4 a5 18. Nf3 Nxf3+ 19. Qxf3 g6 20. fxg6 hxg6 21. e5 Bg7 22. Qg3 a4 23. Nxa4 Ra5 24. c5 dxc5 25. Rad1 Qc8 26. Qc3 Ra8 27. Nxc5 Bf5 28. a4 Rd8 29. Bg5 Rd5 30. Rxd5 cxd5 31. b4 Qe8 32. Bf6 Bf8 33. Rf1 Bxc5+ 34. bxc5 Qxa4 35. Rxf5 gxf5 36. Qg3+ Kf8 37. e6 Qa1+ 38. Bxa1 1-0

[Event "Kragero Resort Chess A 2018"]
[Site "Kragero"]
[Date "2018.02.25"]
[Round "9"]
[White "Kantane, Anna"]
[Black "Sagafos, Magne"]
[Result "0-1"]
[ECO "B76"]
[WhiteElo "2254"]
[BlackElo "2384"]
[Annotator "NA"]
[PlyCount "70"]
[EventDate "2018.??.??"]
[EventType "swiss"]
[EventCountry "NOR"]
[SourceTitle "playchess.com"]
[Source "ChessBase"]
[SourceQuality "1"]
[TimeControl "5400+30"]

1. e4 c5 2. Nf3 d6 3. d4 cxd4 4. Nxd4 Nf6 5. Nc3 g6 6. Be3 Bg7 7. f3 Nc6 8. Qd2 O-O 9. O-O-O d5 10. Qe1 e5 11. Nxc6 bxc6 12. exd5 Nxd5 13. Bc4 Be6 14. Kb1 Nxc3+ 15. Qxc3 Bd5 16. h4 h5 17. Qd3 Rb8 18. b3 e4 19. fxe4 Bxc4 20. Qxc4 Qe7 21. Bc5 Qe5 22. Qd4 Qc7 23. Bd6 Qa5 24. e5 Rfd8 25. Rhe1 Rb5 26. c4 Rxe5 27. Rxe5 Bxe5 28. Qxe5 Qxe5 29. Bxe5 Rxd1+ 30. Kc2 Re1 31. Bb8 Re2+ 32. Kc3 Rxa2 33. g3 a5 34. Kd4 f6 35. Kc5 a4 0-1

[Event "Kragero Resort Chess A 2018"]
[Site "Kragero"]
[Date "2018.02.25"]
[Round "9"]
[White "Nordquelle, Daniel"]
[Black "Nielsen, Andre"]
[Result "1/2-1/2"]
[ECO "C50"]
[WhiteElo "2220"]
[BlackElo "2145"]
[Annotator "NA"]
[PlyCount "60"]
[EventDate "2018.??.??"]
[EventType "swiss"]
[EventCountry "NOR"]
[SourceTitle "playchess.com"]
[Source "ChessBase"]
[SourceQuality "1"]
[TimeControl "5400+30"]

1. e4 e5 2. Nf3 Nc6 3. Bc4 Nf6 4. d3 Bc5 5. O-O d6 6. a4 O-O 7. c3 a5 8. Na3 Ne7 9. Nc2 Ng6 10. Re1 Be6 11. Bxe6 fxe6 12. d4 Ba7 13. dxe5 Ng4 14. Be3 Bxe3 15. Nxe3 N4xe5 16. Nxe5 Nxe5 17. f3 Qg5 18. Kh1 Rf6 19. Qe2 Raf8 20. Rad1 h5 21. Nc4 h4 22. Nxe5 Qxe5 23. h3 Rg6 24. Rf1 Qf4 25. Qd2 Qxd2 26. Rxd2 e5 27. Rd5 b6 28. Rfd1 Re6 29. Kg1 Kf7 30. Kf2 Ke7 1/2-1/2

[Event "Kragero Resort Chess A 2018"]
[Site "Kragero"]
[Date "2018.02.25"]
[Round "9"]
[White "Ingebretsen, Jens E"]
[Black "Skotheim, Andreas"]
[Result "0-1"]
[ECO "B48"]
[WhiteElo "2174"]
[BlackElo "2025"]
[Annotator "NA"]
[PlyCount "114"]
[EventDate "2018.??.??"]
[EventType "swiss"]
[EventCountry "NOR"]
[SourceTitle "playchess.com"]
[Source "ChessBase"]
[SourceQuality "1"]
[TimeControl "5400+30"]

1. e4 c5 2. Nf3 e6 3. d4 cxd4 4. Nxd4 Nc6 5. Nc3 Qc7 6. Be3 a6 7. Qd2 Nf6 8. f4 Bb4 9. Bd3 d5 10. e5 Ne4 11. Bxe4 dxe4 12. a3 Bxc3 13. Qxc3 Bd7 14. O-O O-O 15. Ne2 Rfc8 16. Rad1 Ne7 17. Qxc7 Rxc7 18. Bb6 Bb5 19. Bxc7 Bxe2 20. Bd6 Bxd1 21. Rxd1 Nd5 22. g3 Rc8 23. c3 b5 24. a4 Nb6 25. axb5 axb5 26. Kf2 Ra8 27. Rd4 Ra2 28. Rb4 Nc4 29. Rxb5 h5 30. h3 Nxb2 31. Rb8+ Kh7 32. Rc8 Nd1+ 33. Ke1 Ne3 34. c4 Ng2+ 35. Kd1 e3 36. Bb4 e2+ 37. Kc1 e1=Q+ 38. Bxe1 Nxe1 39. c5 Nd3+ 40. Kd1 Ra5 41. c6 Rc5 42. g4 Nxf4 43. gxh5 Nxh5 44. Kd2 Nf4 45. Ke3 Nd5+ 46. Kd4 Rc3 47. h4 Kg6 48. Ke4 Ne7 49. Rf8 Rc4+ 50. Kd3 Rxc6 51. h5+ Kxh5 52. Rxf7 Nf5 53. Rf8 g5 54. Ke4 Kg4 55. Rf6 Kg3 56. Rf8 Rc3 57. Rxf5 exf5+ 0-1

[Event "Kragero Resort Chess A 2018"]
[Site "Kragero"]
[Date "2018.02.25"]
[Round "9"]
[White "Sebastian, Andreas"]
[Black "Sahl, Sheila Barth"]
[Result "0-1"]
[ECO "A20"]
[WhiteElo "1880"]
[BlackElo "2181"]
[Annotator "NA"]
[PlyCount "94"]
[EventDate "2018.??.??"]
[EventType "swiss"]
[EventCountry "NOR"]
[SourceTitle "playchess.com"]
[Source "ChessBase"]
[SourceQuality "1"]
[TimeControl "5400+30"]

1. c4 e5 2. g3 Nf6 3. Bg2 d5 4. cxd5 Nxd5 5. Nc3 Nb6 6. Nf3 Nc6 7. O-O Be7 8. d3 O-O 9. a3 Be6 10. b4 a6 11. Bb2 f5 12. e3 Bf6 13. Qe2 Qe8 14. Nd2 Rd8 15. Rfd1 Qf7 16. Rac1 Rd7 17. Ncb1 Rfd8 18. Bxc6 bxc6 19. Nf3 Qh5 20. Rd2 e4 21. Nd4 Qxe2 22. Rxe2 exd3 23. Rd2 Nc4 24. Nxe6 Nxd2 25. Bxf6 Nxb1 26. Bxd8 d2 27. Rxb1 d1=Q+ 28. Rxd1 Rxd1+ 29. Kg2 Rd6 30. Nxg7 Kxg7 31. Bxc7 Rd3 32. a4 Kf6 33. Kf3 Ke6 34. Bb6 Rd2 35. e4 Rc2 36. exf5+ Kxf5 37. a5 Rc3+ 38. Kg2 h5 39. Kh3 Rc4 40. Bc5 Kg5 41. f4+ Kf5 42. Kh4 Rc2 43. h3 Rh2 44. g4+ hxg4 45. Kg3 Rxh3+ 46. Kg2 Kxf4 47. Bd6+ {[%emt 0:00:06] Ke5} Ke4 0-1